AoeStats
← LeeFvn

Arena

509567898Analyzed
4v4 RM · 4d ago on Sep 27, 2026· 44m 45s· 8 players
Game mode
Random Map
Map size
Large (8 player)
Population
200
Speed
Normal
Resources
Standard
Victory
Conquest
Starting age
Dark Age
Ending age
Imperial Age
RankedLock teamsTeams togetherTeam positionsShared explorationLock speedFull tech treeHidden civsTurbo modeCheats
Victory
Defeat
🇨🇳 Vietnamese · China
1095
+13
🇨🇳 Persians · China
1026
+16
🇨🇳 Britons · China
1004
+17
🇹🇼 Britons · Taiwan
962
+18
🇷🇺 Italians · Russia
1097
-19
🇫🇮 Saxons · Finland
1014
-16
🇨🇦 Franks · Canada
1001
-15
🇨🇳 Varangians · China
976
-14
MA
0:56 Loom
12:29 Feudal Age
13:05 Double-Bit Axe
19:23 Castle Age
17:21 Stone Mining
17:23 Gold Mining
19:10 Scale Barding Armor
19:17 Forging
21:00 Bow Saw
21:05 Husbandry
26:56 Wheelbarrow
33:07 Hand Cart
36:12 Imperial Age
35:45 Gold Shaft Mining
35:01 Town Watch
35:51 Chain Barding Armor
36:07 Iron Casting
36:55 Cavalier
39:31 Chemistry
39:42 Blast Furnace
Tatu シ☆
10:58 Feudal Age
15:26 Castle Age
13:28 Double-Bit Axe
13:46 Horse Collar
14:31 Gold Mining
14:53 Stone Mining
16:55 Wheelbarrow
16:59 Bow Saw
19:12 Heavy Plow
26:52 Hand Cart
27:37 Gold Shaft Mining
28:20 Arson
28:35 Loom
32:45 Imperial Age
31:03 Scale Mail Armor
31:14 Forging
32:49 Elite Varangian Guard
34:39 Chain Mail Armor
34:59 Iron Casting
33:49 Shield Wall
35:08 Clerical Recruitment
36:38 Crop Rotation
37:15 Two-Man Saw
40:12 Plate Mail Armor
PGLEGWS
10:44 Feudal Age
14:45 Castle Age
13:07 Double-Bit Axe
13:46 Horse Collar
17:21 Wheelbarrow
22:47 Hand Cart
22:35 Stone Mining
24:11 Padded Archer Armor
24:01 Fletching
24:30 Town Watch
25:22 Leather Archer Armor
25:18 Forging
26:26 Ballistics
26:25 Bodkin Arrow
30:22 Imperial Age
27:33 Elite Skirmisher
28:42 Thumb Ring
30:32 Iron Casting
29:57 Scale Mail Armor
31:53 Bow Saw
32:15 Ring Archer Armor
31:45 Bracer
33:15 Chemistry
32:55 Conscription
34:52 Blast Furnace
34:07 Chain Mail Armor
38:14 Squires
LeeFvn
8:42 Loom
13:03 Feudal Age
14:09 Horse Collar
19:28 Castle Age
17:22 Stone Mining
26:19 Double-Bit Axe
30:01 Wheelbarrow
32:36 Hand Cart
34:19 Forging
34:12 Scale Mail Armor
35:15 Bow Saw
35:07 Heavy Plow
35:06 Gold Mining
35:28 Scale Barding Armor
35:15 Pikeman
36:52 Squires
38:43 Chain Mail Armor
北賢龍
10:28 Feudal Age
11:19 Double-Bit Axe
12:39 Arson
14:42 Loom
14:52 Gold Mining
19:53 Castle Age
17:39 Horse Collar
18:50 Fletching
19:11 Town Watch
20:14 Crossbowman
20:16 Pikeman
22:36 Squires
22:42 Scale Mail Armor
25:57 Wheelbarrow
25:34 Bow Saw
28:47 Hand Cart
29:14 Stone Mining
33:06 Gold Shaft Mining
38:00 Imperial Age
37:17 Forging
37:59 Bodkin Arrow
38:55 Ballistics
38:03 Halberdier
39:45 Chain Mail Armor
40:28 Conscription
40:46 Padded Archer Armor
42:20 Plate Mail Armor
42:57 Chemistry
44:13 Leather Archer Armor
43:59 Bracer
44:35 Masonry
44:14 Spies/Treason
雅硬雅重
10:42 Feudal Age
15:25 Castle Age
13:29 Horse Collar
13:39 Double-Bit Axe
15:32 Loom
16:23 Wheelbarrow
16:20 Bow Saw
16:59 Heavy Plow
21:05 Gold Mining
21:57 Stone Mining
24:04 Gold Shaft Mining
25:31 Scale Barding Armor
25:36 Forging
28:58 Imperial Age
27:54 Hand Cart
27:25 Town Watch
28:40 Stone Shaft Mining
28:28 Husbandry
28:38 Bloodlines
29:06 Iron Casting
30:58 Chemistry
30:19 Ballistics
29:21 Capped Ram
29:58 Town Watch
30:35 Cavalier
31:37 Chain Barding Armor
32:18 Blast Furnace
32:44 Conscription
32:26 Kamandaran
33:59 Two-Man Saw
34:08 Crop Rotation
33:50 Town Patrol
34:40 Murder Holes
34:56 Masonry
34:33 Savar
36:49 Blast Furnace
36:25 Plate Barding Armor
35:34 Siege Ram
36:23 Crossbowman
37:09 Thumb Ring
38:39 Fletching
38:49 Padded Archer Armor
_LY_XUAN
10:41 Feudal Age
11:38 Double-Bit Axe
14:44 Castle Age
12:43 Horse Collar
15:48 Bow Saw
15:41 Heavy Plow
20:41 Wheelbarrow
20:34 Town Watch
21:07 Hand Cart
21:32 Gold Mining
22:54 Stone Mining
28:29 Imperial Age
26:38 Stone Shaft Mining
27:47 Loom
27:47 Town Watch
28:17 Scale Barding Armor
28:23 Forging
28:45 Elite Battle Elephant
29:25 Husbandry
29:36 Bloodlines
29:53 Chain Barding Armor
30:40 Chemistry
30:01 Ballistics
31:47 Two-Man Saw
31:20 Crop Rotation
31:29 Plate Barding Armor
31:30 Iron Casting
31:27 Fortified Wall
31:58 Guilds
32:18 Coinage
32:07 Chatras
32:29 Paper Money
34:04 Light Cavalry
35:03 Fletching
35:13 Padded Archer Armor
35:45 Banking
35:16 Caravan
35:31 Masonry
35:03 Treadmill Crane
39:52 Hoardings
39:21 Town Patrol
39:20 Bodkin Arrow
39:40 Leather Archer Armor
39:28 Murder Holes
39:38 Siege Engineers
雅粗雅力
10:49 Feudal Age
13:29 Loom
16:00 Castle Age
16:16 Stone Mining
16:15 Double-Bit Axe
16:15 Horse Collar
19:58 Bow Saw
19:50 Heavy Plow
25:40 Ballistics
26:10 Fletching
26:20 Padded Archer Armor
25:56 Crossbowman
28:03 Wheelbarrow
28:14 Yeomen
27:55 Bodkin Arrow
29:07 Gold Mining
31:27 Gold Shaft Mining
34:15 Imperial Age
33:21 Leather Archer Armor
35:20 Conscription
36:16 Ring Archer Armor
37:54 Chemistry
36:42 Arbalester
37:54 Bracer
42:37 Cranequins
42:42 Heavy Mounted Crossbowman
44:25 Spies/Treason
Connection lost

Rejoining the realm…

Still unreachable

The connection could not be restored.

Session expired

The server has moved on; the page needs a fresh start.